 Dungeon Sprint DCSS version 0.26-a0-466-g989023bd0d (webtiles) character file.

Game seed: 9247366851302476914

2967 nuthulu the Grappler (level 9, -12/111 HPs)
             Began as a Troll Monk on Aug 3, 2020.
             Was a High Priest of Dithmenos.
             Shot with a bolt by an orc knight (15 damage)
             ... in the Dungeon (Sprint III: "The Ten Rune Challenge").
             The game lasted 00:03:55 (851 turns).

nuthulu the Grappler (Troll Monk)                    Turns: 851, Time: 00:03:55

Health: -12/111    AC:  9    Str: 22    XL:     9   Next: 52%
Magic:  8/8        EV: 14    Int:  6    God:    Dithmenos [*****.]
Gold:   44         SH:  0    Dex: 14    Spells: 8/8 levels left

rFire    . . .     SeeInvis .     - Unarmed
rCold    + + .     Faith    .   (no shield)
rNeg     . . .     Spirit   .   k - +2 robe {rC+}
rPois    .         Reflect  .   (helmet restricted)
rElec    .         Harm     .   i - +0 cloak
rCorr    .         NoTele   +   (gloves unavailable)
MR       .....                  (boots unavailable)
Stlth    +++++.....             (no amulet)
HPRegen  0.68/turn              (no ring)
MPRegen  0.11/turn              (no ring)

@: wreathed by umbra
A: large, unfitting armour, claws 3, cold resistance 1, regeneration 1, robust
1, shaggy fur 1, tough skin 3
a: Shadow Step, Shadow Form, Renounce Religion


You were in the Dungeon.
You worshipped Dithmenos.
Dithmenos was extremely pleased with you.
You visited 1 branch You collected 44 gold pieces.

Inventory:

Armour
 a - a +0 robe
 i - a +0 cloak (worn)
 k - a +2 robe of cold resistance (worn)
Wands
 f - a wand of iceblast (7)
Scrolls
 g - a scroll of blinking
 l - a scroll of identify
 m - a scroll of remove curse {unknown}
 o - a scroll of torment {unknown}
 p - a scroll of amnesia {unknown}
Potions
 b - a potion of curing
 c - 2 potions of heal wounds
 d - a potion of haste
 e - 2 potions of magic
 h - a potion of ambrosia {unknown}
 j - a potion of mutation
 n - 4 potions of flight


   Skills:
 + Level 9.9 Fighting
 - Level 8.1 Dodging
 + Level 6.3 Stealth
 + Level 13.8 Unarmed Combat


You had 8 spell levels left.
You didn't know any spells.
Your spell library contained the following spells:

 Spells                   Type           Power        Failure   Level
 Animate Skeleton         Necr           #.....       45%         1
 Apportation              Tloc           #.....       45%         1
 Corona                   Hex            #......      45%         1
 Magic Dart               Conj           #...         45%         1
 Summon Small Mammal      Summ           #...         45%         1
 Blink                    Tloc           N/A          58%         2
 Call Imp                 Summ           #.......     58%         2
 Slow                     Hex            #.......     58%         2
 Conjure Flame            Conj/Fire      #.......     83%         3
 Mephitic Cloud           Conj/Pois/Air  #.......     83%         3


Dungeon Overview and Level Annotations

Branches:
Dungeon (1/1)

Altars:
Cheibriados
Dithmenos
Elyvilon
Fedhas
Gozag
Hepliaklqana
Kikubaaqudgha
Makhleb
Nemelex Xobeh
Okawaru
Qazlal
Ru
Sif Muna
Trog
Uskayaw
Vehumet
Wu Jian
Xom
Yredelemnul
Zin
The Shining One
Beogh
Jiyva
Lugonu


Innate Abilities, Weirdness & Mutations

You are too large for most types of armour.
You have claws for hands.
Your natural rate of healing is unusually fast.
You are covered in fur. (AC +1)
You have extremely tough skin. (AC +3)
Your flesh is cold resistant. (rC+)
You are robust. (+10% HP)


Message History

A magic dart appears from out of thin air!
The magic dart hits you.
* * * LOW HITPOINT WARNING * * *
You closely miss the orc knight. You claw the orc knight!!
The orc knight is almost dead.
Your shadow barely misses the orc knight.
The orc knight misses you. Something completely misses you.
The orc knight roars a battlecry!
You mangle something!! Dithmenos accepts your kill.
Reactivating autopickup.
You feel a bit more experienced.
Things that are here:
a +0 dagger; a +0 robe; 19 gold pieces The orc knight unwields a +0 battleaxe.
The orc knight wields a +0 arbalest.
The orc knight shoots a bolt.
The bolt hits you!!
* * * LOW HITPOINT WARNING * * *
You see here a bolt.
The orc knight shoots a bolt.
The bolt hits you!
You die...

▓▓ ▓▓▓ .♣ ♣.############
.♣♣ ♣♣.#___#___#__#$$o$
..♣ ♣..#.).#__)#._#$oo
≈.♣♣♣..###'#'###'##$.o
≈..♣♣♣.#.......)..#.$
≈≈♣.♣♣.+.⌠.....)†.#oo
≈≈≈≈♣♣.#...######'#o#
≈≈≈....#.⌠.#__#.@.#'#####
≈≈.....#)).#__#(..#..≈§§+
.......#+###__#.{o#.#§§≈#
.......#.))#__#..o).# § #
.......#___#__')))#.#
▓▓▓▓▓▓▓▓▓▓▓▓▓▓▓▓▓▓▓▓▓


You could see an orc knight and an orc (strong).

Vanquished Creatures
  Snorg (D)
  An orc knight (D)
  An orc sorcerer (D)
  A deep elf mage (D)
  A shadow (D)
  A spatial vortex (D)
  A necrophage (D)
  A water elemental (D)
  Crazy Yiuf (D)
  A jelly (D)
  2 orc wizards (D)
  2 orc priests (D)
  Jessica (D)
  A wizard (D)
  A necromancer (D)
  3 humans (D)
  A kobold demonologist (D)
  An ooze (D)
  6 orcs (D)
  2 rats (D)
30 creatures vanquished.

Notes
Turn   | Place    | Note
-------+----------+-------------------------------------------
     0 | D        | nuthulu the Troll Monk began the quest for the Orb.
     0 | D        | Reached XP level 1. HP: 22/22 MP: 0/0
    30 | D        | Noticed Jessica
    47 | D        | Killed Jessica
    47 | D        | Reached skill level 4 in Unarmed Combat
    47 | D        | Reached XP level 2. HP: 30/32 MP: 1/1
    47 | D        | Reached XP level 3. HP: 37/39 MP: 2/2
    71 | D        | Reached skill level 5 in Unarmed Combat
    93 | D        | Noticed Crazy Yiuf
   106 | D        | Killed Crazy Yiuf
   106 | D        | Reached XP level 4. HP: 19/49 MP: 3/3
   179 | D        | Gained mutation: You are clumsy. (Dex -2) [potion of
                  | mutation]
   179 | D        | Gained mutation: Your flesh is cold resistant. (rC+)
                  | [potion of mutation]
   179 | D        | Gained mutation: You have a pair of small horns on your
                  | head. [potion of mutation]
   179 | D        | Gained mutation: You are covered in thick fur. (AC +2)
                  | [potion of mutation]
   180 | D        | Lost mutation: You have a pair of small horns on your head.
                  | [potion of mutation]
   180 | D        | Lost mutation: You are clumsy. (Dex -2) [potion of
                  | mutation]
   180 | D        | Lost mutation: You are covered in thick fur. (AC +2)
                  | [potion of mutation]
   180 | D        | Gained mutation: You are frail. (-10% HP) [potion of
                  | mutation]
   180 | D        | Lost mutation: You are frail. (-10% HP) [potion of
                  | mutation]
   180 | D        | Gained mutation: You are robust. (+10% HP) [potion of
                  | mutation]
   226 | D        | Noticed a water elemental
   241 | D        | Killed a water elemental
   241 | D        | Reached skill level 5 in Fighting
   241 | D        | Reached skill level 5 in Dodging
   241 | D        | Reached skill level 6 in Unarmed Combat
   241 | D        | Reached XP level 5. HP: 26/62 MP: 4/4
   315 | D        | Found a radiant altar of Vehumet.
   315 | D        | Found a shimmering blue altar of Sif Muna.
   315 | D        | Found an ancient bone altar of Kikubaaqudgha.
   318 | D        | Reached skill level 7 in Unarmed Combat
   335 | D        | Found a glowing silver altar of Zin.
   335 | D        | Found a glowing golden altar of the Shining One.
   335 | D        | Found a white marble altar of Elyvilon.
   336 | D        | Noticed a deep elf mage
   347 | D        | Killed a deep elf mage
   347 | D        | Reached skill level 10 in Unarmed Combat
   347 | D        | Reached XP level 6. HP: 73/74 MP: 5/5
   347 | D        | Reached XP level 7. HP: 82/83 MP: 6/6
   357 | D        | Found a hide-covered altar of Uskayaw.
   357 | D        | Found a roughly hewn altar of Beogh.
   357 | D        | Found an iron altar of Okawaru.
   357 | D        | Found a bloodstained altar of Trog.
   357 | D        | Found an ornate altar of the Wu Jian Council.
   357 | D        | Noticed a human
   358 | D        | Noticed a human
   371 | D        | Killed a human
   376 | D        | Killed a human
   376 | D        | Reached skill level 11 in Unarmed Combat
   459 | D        | Found a basalt altar of Yredelemnul.
   459 | D        | Found a shadowy altar of Dithmenos.
   459 | D        | Found a sacrificial altar of Ru.
   575 | D        | Became a worshipper of Dithmenos the Shadowed
   575 | D        | Reached * piety under Dithmenos
   575 | D        | Reached ** piety under Dithmenos
   582 | D        | Noticed a shadow
   588 | D        | Killed a shadow
   588 | D        | Reached XP level 8. HP: 95/95 MP: 7/7
   594 | D        | Found a blossoming altar of Fedhas.
   594 | D        | Found a stormy altar of Qazlal.
   595 | D        | Found a snail-covered altar of Cheibriados.
   595 | D        | Found a burning altar of Makhleb.
   595 | D        | Found a hazy altar of Hepliaklqana.
   595 | D        | Found a shimmering altar of Xom.
   595 | D        | Found an opulent altar of Gozag.
   595 | D        | Found a sparkling altar of Nemelex Xobeh.
   595 | D        | Found a corrupted altar of Lugonu.
   595 | D        | Found a viscous altar of Jiyva.
   608 | D        | Reached skill level 12 in Unarmed Combat
   617 | D        | Noticed an orc knight
   617 | D        | Noticed an orc sorcerer
   633 | D        | Reached *** piety under Dithmenos
   634 | D        | Noticed an ice devil
   646 | D        | Paralysed by an orc sorcerer for 5 turns
   652 | D        | Killed an orc sorcerer
   709 | D        | Killed an orc knight
   709 | D        | Reached skill level 5 in Stealth
   709 | D        | Reached skill level 13 in Unarmed Combat
   709 | D        | Reached XP level 9. HP: 47/107 MP: 8/8
   710 | D        | Reached **** piety under Dithmenos
   822 | D        | Noticed Snorg
   824 | D        | Noticed an orc knight
   840 | D        | Killed Snorg
   840 | D        | Reached ***** piety under Dithmenos
   850 | D        | HP: 2/111 [orc knight/bolt (20)]
   851 | D        | Shot with a bolt by an orc knight

Illustrated notes

Levels and vault maps discovered:
D:        dungeon_sprint_mu [sprint_mu_entry_forest, sprint_mu_temple_rooms,
          sprint_mu_d1_horrors, sprint_mu_d2_genie, sprint_mu_d3_branching,
          sprint_mu_orc_legion, sprint_mu_elf_gauntlet, sprint_mu_hive_nellie,
          sprint_mu_lair_fedhas, sprint_mu_vaults_butterflies,
          sprint_mu_slime_circle, sprint_mu_swamp_cave, sprint_mu_shoals_kraken,
          sprint_mu_blade_basic, sprint_mu_crypt_fortress,
          sprint_mu_tomb_spiral, sprint_mu_vestibule_basic,
          sprint_mu_gehenna_hellfire, sprint_mu_dis_giant,
          sprint_mu_tartarus_statrot, sprint_mu_cocytus_islands, sprint_mu_zot1]

Skill      XL: |  1  2  3  4  5  6  7  8  9 |
---------------+----------------------------+-----
Fighting       | 3 4 5 6 7 9 |  9.9
Dodging        | 3 4 5 7 8 |  8.1
Unarmed Combat | 4 5 6 10 11 13 | 13.8
Stealth        | 3 5 6 |  6.3

Action                   |  1- 3 |  4- 6 |  7- 9 || total
-------------------------+-------+-------+-------++-------
Melee: Unarmed           |    24 |    19 |    81 ||   124
       Punch             |       |     1 |     4 ||     5
  Use: Potion            |       |     4 |       ||     4
       Scroll            |       |     2 |       ||     2
 Stab: Sleeping          |       |     2 |     1 ||     3
Armor: Robe              |     2 |     3 |    17 ||    22
Dodge: Dodged            |     8 |     7 |    55 ||    70

Table legend: (Time is in decaauts)
 A = Elapsed time spent in this place.
 B = Non-inter-level travel time spent in this place.
 C = Inter-level travel time spent in this place.
 D = Time resting spent in this place.
 E = Time spent auto-exploring this place.
 F = Levels seen in this place.
 G = Mean time per level.
                   A        B        C        D        E       F      G
               +--------+--------+--------+--------+--------+-----+--------+
         Total |    838 |    838 |      0 |    378 |      0 |   1 |  838.0 |
       Dungeon |    838 |    838 |      0 |    378 |      0 |   1 |  838.0 |
               +--------+--------+--------+--------+--------+-----+--------+

Top non-repeatable levels by time:
       D: 838 daAuts
